 Dungeon Crawl Stone Soup version 0.21.1-1-g345015f (webtiles) character file.

7947 sankara the Carver (level 11, -6/69 HPs)
             Began as a Halfling Fighter on Feb 16, 2018.
             Was a Priest of Uskayaw.
             Mangled by a two-headed ogre
             ... wielding a +0 giant club
              (15 damage)
             ... on level 9 of the Dungeon on Feb 17, 2018.
             The game lasted 00:55:41 (13482 turns).

sankara the Carver (Halfling Fighter)              Turns: 13482, Time: 00:55:41

Health: -6/69      AC:  9    Str: 17    XL:     11   Next: 46%
Magic:  15/15      EV: 16    Int: 11    God:    Uskayaw [***...]
Gold:   405        SH: 10    Dex: 18    Spells: 8/10 levels left

rFire    . . .     SeeInvis .   b - +1 dagger (flame)
rCold    . . .     Gourm    .   x - +0 shield
rNeg     . . .     Faith    +   q - +0 scale mail
rPois    .         Spirit   .   s - +1 helmet
rElec    .         Reflect  .   (no cloak)
rCorr    .         Harm     .   (no gloves)
MR       .....                  (no boots)
Stlth    +.........             H - amulet of faith
HPRegen  0.21/turn              d - +5 ring of evasion
MPRegen  0.14/turn              (no ring)

@: brilliant, heavily drained
A: small, mutation resistance 1
a: Stomp, Line Pass, Renounce Religion


You were on level 9 of the Dungeon.
You worshipped Uskayaw.
Uskayaw was noncommittal.
You were not hungry.

You visited 2 branches of the dungeon, and saw 10 of its levels.

You collected 405 gold pieces.

Inventory:

Hand Weapons
 a - a +3 long sword
 b - a +1 dagger of flaming (weapon)
 c - a +0 hunting sling
 A - a +0 blowgun
 E - a +0 short sword of draining
 L - a +1 long sword
Missiles
 m - 24 sling bullets
 n - 229 stones (quivered)
 z - 23 poisoned needles
 K - 8 tomahawks
Armour
 q - a +0 scale mail (worn)
 s - a +1 helmet (worn)
 x - a +0 shield (worn)
Jewellery
 d - a +5 ring of evasion (left hand)
 o - an uncursed ring of ice
 t - an uncursed ring of fire
 H - an amulet of faith (around neck)
Wands
 h - a wand of digging (8)
 p - a wand of iceblast (4)
 y - a wand of enslavement (16)
 F - a wand of flame (84)
Scrolls
 e - 6 scrolls of identify
 g - 2 scrolls of enchant armour
 j - a scroll of amnesia
 l - 7 scrolls of teleportation
 u - a scroll of enchant weapon
 w - 5 scrolls of remove curse
 D - 2 scrolls of magic mapping
Potions
 k - 2 potions of curing
 r - 2 potions of might
 G - a potion of flight
 I - a potion of berserk rage {unknown}
Books
 i - a book of Frost

   Spells                             Type                      Level
   a - Freeze                         Ice                          1
   b - Throw Frost                    Conjuration/Ice              2
   c - Ozocubu's Armour               Charms/Ice                   3
   d - Throw Icicle                   Conjuration/Ice              4
   e - Summon Ice Beast               Ice/Summoning                4
 B - a book of Minor Magic

   Spells                             Type                      Level
   a - Magic Dart                     Conjuration                  1
   b - Blink                          Translocation                2
   c - Call Imp                       Summoning                    2
   d - Slow                           Hexes                        2
   e - Conjure Flame                  Conjuration/Fire             3
   f - Mephitic Cloud                 Conjuration/Poison/Air       3
Comestibles
 f - 20 rations
 v - a chunk of flesh


   Skills:
 + Level 4.1(1.4) Fighting
 * Level 10.1(7.0) Long Blades
 + Level 9.6(6.5) Slings
 + Level 6.1(3.2) Armour
 + Level 6.8(3.9) Dodging
 + Level 6.1(3.2) Stealth
 - Level 5.6(2.8) Shields
 + Level 5.4(2.6) Invocations


You had 8 spell levels left.
You knew the following spells:

 Your Spells              Type           Power        Failure   Level  Hunger
a - Blink                 Tloc           N/A          61%         2    ###....


Dungeon Overview and Level Annotations

Branches:
Dungeon (9/15)             Temple (1/1) D:6            Lair (0/6) D:8
    Orc: D:9-12

Altars:
Ashenzari
Dithmenos
Elyvilon
Fedhas
Gozag
Hepliaklqana
Kikubaaqudgha
Makhleb
Okawaru
Qazlal
Ru
Sif Muna
Trog
Uskayaw
Vehumet
Wu Jian
Xom
Yredelemnul
Zin
The Shining One

Shops:
D:5 *

Annotations:
D:9 exclusion: ice statue


Innate Abilities, Weirdness & Mutations

You are small and have problems with some larger weapons.
You are somewhat resistant to further mutation.


Message History

You barely miss the centaur.
The centaur is heavily wounded.
The centaur hits you but does no damage.
The centaur misses you.
You hit the centaur.
The centaur is severely wounded.
You block the centaur's attack. The two-headed ogre barely misses you.
You riposte.
Your shield prevents you from hitting the two-headed ogre.
The two-headed ogre is moderately wounded.
You block the two-headed ogre's attack. The centaur hits you.
* * * LOW HITPOINT WARNING * * *
Uskayaw will force your foes to helplessly watch your dance.
Uskayaw prepares the audience for your solo!
Your +1 dagger of flaming bursts into flame!
b - a +1 dagger of flaming (weapon)
The two-headed ogre is no longer paralysed.
The two-headed ogre closely misses you.
The two-headed ogre hits you with a giant club!
You die...

####....รท.....#
#......<#.#####
#.......#.# #.......#.#
#.......#.# #.......#.#
# #.......#.# ..
#...c...#.# ####
..#.##...@...#.# )(.##
....##...O...# ##(.#
#...###..###...# ###.#
#......(###...# .##.#
#.####........# .##.#
#.## #..##..[.#
.##.#####..###..###...#
.............#..# #...#
..........##....# ##.##


You could see a two-headed ogre and a centaur (paralysed).

Vanquished Creatures
  Erolcha (D:9)
  Pikel (D:9)
  A troll (D:9)
  Grinder (D:5)
  2 hippogriffs
  2 wyverns
  A yak (D:8)
  A steam dragon (D:8)
  Menkaure (D:6)
  4 porcupines
  3 orc warriors
  4 sky beasts
  A black bear (D:8)
  3 ice beasts
  A necrophage (D:8)
  2 slaves (D:9)
  9 ogres
  A phantom (D:4)
  5 centaurs
  2 big kobolds (D:9)
  2 crocodiles (D:8)
  Blork the orc (D:6)
  3 gnoll sergeants (D:9)
  4 bullfrogs
  A wyvern skeleton (D:9)
  5 killer bees (D:9)
  4 wights (D:8)
  An electric eel (D:6)
  2 howler monkeys (D:8)
  2 crimson imps
  5 hounds
  2 quasits (D:9)
  An orc priest (D:4)
  3 bullfrog zombies
  A jelly (D:6)
  A centaur skeleton (D:8)
  5 iguanas
  5 orc wizards
  11 worker ants
  A hound zombie (D:5)
  2 hound skeletons
  Robin (D:2)
  2 gnolls (D:9)
  A worker ant zombie (D:6)
  6 adders
  3 shadow imps
  3 oozes
  3 adder skeletons
  An adder zombie (D:5)
  9 worms
  A dart slug (D:2)
  3 leopard geckos
  24 orcs
  4 ball pythons
  5 bats
  3 giant cockroaches
  17 goblins
  2 hobgoblins (D:3)
  20 jackals
  6 kobolds
  5 quokkas
  6 frilled lizards
  A jackal skeleton (D:5)
  A jackal zombie (D:7)
  A quokka skeleton (D:7)
  2 quokka zombies
  4 rats
  A fungus (D:8)
  A plant (D:8)
244 creatures vanquished.

Vanquished Creatures (others)
  2 slaves (D:9)
  An orc (D:4)
  6 fungi (D:8)
  2 plants (D:6)
11 creatures vanquished.

Grand Total: 255 creatures vanquished

Notes
Turn   | Place    | Note
-------+----------+-------------------------------------------
     0 | D:1      | sankara the Halfling Fighter began the quest for the Orb.
     0 | D:1      | Reached XP level 1. HP: 15/15 MP: 1/1
   263 | D:1      | You fall through a shaft!
   289 | D:2      | Reached XP level 2. HP: 8/20 MP: 2/2
   750 | D:1      | Reached XP level 3. HP: 23/25 MP: 3/3
  1387 | D:2      | Reached skill level 1 in Dodging
  1447 | D:2      | Reached skill level 1 in Slings
  1447 | D:2      | Reached XP level 4. HP: 31/31 MP: 4/4
  1795 | D:2      | Reached skill level 3 in Long Blades
  2358 | D:3      | Reached XP level 5. HP: 31/36 MP: 5/5
  3550 | D:3      | Noticed Robin
  3607 | D:2      | Killed Robin
  3938 | D:3      | Reached XP level 6. HP: 42/42 MP: 6/6
  4379 | D:4      | Noticed a phantom
  4395 | D:4      | Killed a phantom
  4395 | D:4      | Reached skill level 4 in Long Blades
  4492 | D:4      | Reached XP level 7. HP: 46/46 MP: 7/7
  4850 | D:4      | Found a burning altar of Makhleb.
  4900 | D:4      | Found a radiant altar of Vehumet.
  5268 | D:4      | Learned a level 2 spell: Blink
  5425 | D:5      | Entered Level 5 of the Dungeon
  5485 | D:5      | Reached skill level 5 in Long Blades
  5497 | D:5      | Found Zaguptem's General Store.
  5551 | D:5      | Reached XP level 8. HP: 52/52 MP: 8/8
  5689 | D:6      | Reached skill level 5 in Armour
  5689 | D:6      | Reached skill level 5 in Shields
  5920 | D:6      | Found a staircase to the Ecumenical Temple.
  5929 | Temple   | Entered the Ecumenical Temple
  6014 | Temple   | Became a worshipper of Uskayaw the Reveler
  6041 | D:6      | Reached * piety under Uskayaw
  6054 | D:6      | Reached ** piety under Uskayaw
  6066 | D:6      | Reached *** piety under Uskayaw
  6119 | D:6      | Noticed Blork the orc
  6164 | D:6      | Killed Blork the orc
  6405 | D:6      | Reached skill level 6 in Long Blades
  6405 | D:6      | Reached skill level 5 in Slings
  6481 | D:6      | Found a sacrificial altar of Ru.
  7261 | D:6      | Reached XP level 9. HP: 44/56 MP: 9/9
  7337 | D:6      | Noticed Menkaure
  7623 | D:5      | Reached skill level 1 in Stealth
  7878 | D:5      | Reached skill level 7 in Long Blades
  7878 | D:5      | Reached skill level 5 in Dodging
  8015 | D:5      | Noticed Grinder
  8053 | D:5      | Killed Grinder
  8053 | D:5      | Reached skill level 1 in Invocations
  8053 | D:5      | Reached **** piety under Uskayaw
  8168 | D:5      | Found a stormy altar of Qazlal.
  8440 | D:6      | Killed Menkaure
  9857 | D:8      | Reached skill level 8 in Long Blades
  9874 | D:8      | Reached XP level 10. HP: 22/63 MP: 3/12
  9874 | D:8      | Reached ***** piety under Uskayaw
 10468 | D:8      | Found a staircase to the Lair.
 10527 | D:8      | HP: 3/63 [steam dragon] (4)]
 11015 | D:8      | Reached skill level 9 in Long Blades
 11510 | D:8      | Found a blossoming altar of Fedhas.
 11524 | D:8      | Reached skill level 5 in Stealth
 11624 | D:8      | Found an ornate altar of the Wu Jian Council.
 12061 | D:9      | Noticed an ice statue
 12414 | D:9      | Noticed Erolcha
 12458 | D:9      | Killed Erolcha
 12458 | D:9      | Reached skill level 5 in Invocations
 12458 | D:9      | Reached XP level 11. HP: 68/68 MP: 14/14
 12578 | D:9      | Noticed Pikel
 12623 | D:9      | Killed Pikel
 12726 | D:9      | Reached skill level 10 in Long Blades
 13436 | D:9      | Noticed a two-headed ogre
 13450 | D:9      | HP: 1/69 [two-headed ogre/giant club (21)]
 13482 | D:9      | Mangled by a two-headed ogre

Skill      XL: |  1  2  3  4  5  6  7  8  9 10 11 |
---------------+----------------------------------+-----
Dodging        | 1 2 3 4 5 6 |  6.8
Fighting       | 3 4 |  4.1
Slings         | 1 2 3 4 5 7 9 |  9.6
Long Blades    | 3 4 5 6 8 9 10 | 10.1
Shields        | 4 5 |  5.6
Armour         | 4 5 6 |  6.1
Stealth        | 3 5 6 |  6.1
Invocations    | 2 5 |  5.4

Action                   |  1- 3 |  4- 6 |  7- 9 | 10-12 || total
-------------------------+-------+-------+-------+-------++-------
Melee: Long sword        |    56 |   169 |   445 |   468 ||  1138
       Dagger            |       |       |     1 |    23 ||    24
 Fire: Hunting sling     |    24 |   164 |   136 |   173 ||   497
Invok: Stomp             |       |       |     3 |       ||     3
       Line Pass         |       |       |       |     1 ||     1
       Grand Finale      |       |       |       |     1 ||     1
Evoke: Wand              |       |       |     1 |       ||     1
  Use: Scroll            |       |     7 |     7 |     4 ||    18
       Potion            |       |       |    14 |     2 ||    16
 Stab: Paralysed         |       |       |     8 |    26 ||    34
  Eat: Chunk             |     2 |    10 |    14 |    10 ||    36
       Ration            |       |       |     1 |     1 ||     2
Armor: Scale mail        |    20 |    89 |   152 |    84 ||   345
Dodge: Dodged            |    18 |    88 |   238 |   271 ||   615
Block: Shield            |    22 |   113 |   254 |   227 ||   616
       Rpst.: Long sword |     3 |    23 |    66 |    67 ||   159
